 Dungeon Crawl Stone Soup version 0.32-a0-599-gba8f9cf90e (console) character file.

Game seed: 7561721111830924875

1793606 elliptic the Conqueror (level 27, 273/273 HPs)
             Began as a Coglin Fire Elementalist on Mar 2, 2024.
             Was a High Priest of Okawaru.
             Escaped with the Orb
             ... and 3 runes on Mar 3, 2024!
             The game lasted 03:21:19 (60666 turns).

elliptic the Conqueror (Coglin Fire Elementalist)  Turns: 60666, Time: 03:21:20

Health: 273/273    AC: 36    Str: 10    XL:     27
Magic:  34/34      EV: 32    Int: 21    God:    Okawaru [*****.]
Gold:   798        SH:  0    Dex: 29    Spells: 29/29 levels left

rFire   + + .        a - +11 demon blade {vamp, Dex+3, norare}
rCold   . . .        b - +3 double sword {speed, Int+5}
rNeg    . . .        K - quicksilver dragon scales {nodragon}
rPois   .            H - +2 helmet
rElec   +            E - +2 cloak
rCorr   .            V - +1 pair of gloves of the Valley {Rampage rF+ Will+}
SInv    .            F - +2 pair of boots {Fly}
Will    ++++.        (amulet unavailable)
Stlth   +            (ring unavailable)
HPRegen 0.65/turn    (ring unavailable)
MPRegen 0.24/turn    s
                       - NW-60 hypermodule {rElec rF+ Clar RMsl}

%: repel missiles, clarity, rampage
@: flying
A: off-hand wielding, slow wielding, warmup strikes, no jewellery, iridescent
scales 1, robust 1, shaggy fur 1
0: Orb of Zot
}: 3/15 runes: barnacled, silver, gossamer
a: Renounce Religion, Heroism, Finesse, Duel


You escaped.
You worshipped Okawaru.
Okawaru was extremely pleased with you.
You visited 11 branches of the dungeon, and saw 51 of its levels.
You visited the Abyss 1 time.
You visited 2 bazaars.
You also visited: Ice Cave and Wizlab.

You collected 6814 gold pieces.
You spent 6016 gold pieces at shops.


Innate Abilities, Weirdness & Mutations

You can wield a second weapon in your off-hand.
It takes a long time for you to wield or remove held weapons.
Your first few attacks do less damage.
You cannot equip rings or amulets.
You are partially covered in iridescent scales. (AC +2)
You are robust. (+10% HP)
You are covered in fur. (AC +1)


   Skills:
 O Level 27 Fighting
 - Level 16.0 Long Blades
 + Level 23.2 Armour
 + Level 23.4 Dodging
 - Level 1.5 Stealth
 - Level 1.7 Spellcasting
 - Level 0.8 Conjurations
 - Level 2.6 Fire Magic
 - Level 15.2 Invocations


You had 29 spell levels left.
You didn't know any spells.
Your spell library contained the following spells:

 Spells                   Type           Power      Damage    Failure   Level
 Foxfire                  Conj/Fire      36%        2x1d5     12%         1
 Scorch                   Fire           26%        2d6       12%         2
 Magic Dart               Conj           20%        1d4       17%         1
 Kiss of Death            Conj/Necr      12%        2d6       21%         1
 Shock                    Conj/Air       12%        1d3       21%         1
 Sting                    Conj/Alch      12%        1d3       21%         1
 Apportation              Tloc           2%         N/A       24%         1
 Freeze                   Ice            4%         1d3       24%         1
 Necrotise                Necr           4%         1d4       24%         1
 Sandblast                Erth           2%         2d4       24%         1
 Slow                     Hex            4%         N/A       24%         1
 Searing Ray              Conj           10%        2d4       26%         2
 Static Discharge         Conj/Air       6%         3-4/arc   30%         2
 Cigotuvi's Dreadful Rot  Necr/Alch/Air  2%         N/A       34%         2
 Ensorcelled Hibernation  Hex/Ice        2%         N/A       34%         2
 Jinxbite                 Hex            2%         N/A       34%         2
 Lesser Beckoning         Tloc           2%         N/A       34%         2
 Mercury Vapours          Alch/Air       2%         N/A       34%         2
 Sublimation of Blood     Necr           1%         N/A       34%         2
 Inner Flame              Hex/Fire       7%         N/A       38%         3
 Volatile Blastmotes      Fire/Tloc      14%        2d11      38%         3
 Dazzling Flash           Conj/Hex       6%         N/A       52%         3
 Hailstorm                Conj/Ice       3%         3d5       52%         3
 Stone Arrow              Conj/Erth      6%         3d7       52%         3
 Mephitic Cloud           Conj/Alch/Air  3%         N/A       54%         3
 Confusing Touch          Hex            1%         N/A       56%         3
 Frozen Ramparts          Ice            2%         1d1       56%         3
 Fugue of the Fallen      Necr           1%         N/A       56%         3
 Gell's Gravitas          Tloc           1%         N/A       56%         3
 Passwall                 Erth           1%         N/A       56%         3
 Sigil of Binding         Hex            1%         N/A       56%         3
 Swiftness                Air            1%         N/A       56%         3
 Teleport Other           Tloc           1%         N/A       56%         3
 Vampiric Draining        Necr           1%         2d6       56%         3
 Flame Wave               Conj/Fire      9%         2d6       75%         4
 Ignite Poison            Fire/Alch      7%         N/A       80%         4
 Sticky Flame             Fire/Alch      7%         2d4       80%         4
 Brom's Barrelling Bould  Conj/Erth      3%         2d3       89%         4
 Fulminant Prism          Conj/Alch      1%         3d5       89%         4
 Iskenderun's Mystic Bla  Conj/Tloc      3%         2d3       89%         4
 Airstrike                Air            0%         2d(1-17)  93%         4
 Anguish                  Hex/Necr       0%         N/A       93%         4
 Cause Fear               Hex            0%         N/A       93%         4
 Dimensional Bullseye     Hex/Tloc       0%         N/A       93%         4
 Dispel Undead            Necr           1%         3d6       93%         4
 Leda's Liquefaction      Alch/Erth      0%         N/A       93%         4
 Manifold Assault         Tloc           1%         N/A       93%         4
 Passage of Golubria      Tloc           1%         N/A       93%         4
 Petrify                  Alch/Erth      1%         N/A       93%         4
 Vhi's Electric Charge    Tloc/Air       2%         N/A       93%         4
 Fireball                 Conj/Fire      4%         3d4       97%         5
 Arcjolt                  Conj/Air       1%         1d11      99%         5
 Freezing Cloud           Conj/Ice/Air   1%         6-21      99%         5
 Irradiate                Conj/Alch      1%         3d12      99%         5
 Alistair's Intoxication  Alch           0%         N/A       100%        5
 Curse of Agony           Necr           1%         N/A       100%        5
 Silence                  Hex/Air        0%         N/A       100%        5
 Bombard                  Conj/Erth      1%         9d1       100%        6
 Conjure Ball Lightning   Conj/Air       1%         3x3d6     100%        6
 Plasma Beam              Fire/Air       3%         2x1d13    100%        6
 Starburst                Conj/Fire      4%         6d4       100%        6
 Discord                  Hex            0%         N/A       100%        8
 Disjunction              Tloc           0%         N/A       100%        8
 Ignition                 Fire           6%         3d4       100%        8
 Lehudib's Crystal Spear  Conj/Erth      1%         10d2      100%        8
 Chain Lightning          Conj/Air       1%         3d2       100%        9
 Fire Storm               Conj/Fire      4%         8d1       100%        9
 Shatter                  Erth           0%         3d5*      100%        9
 Summon Small Mammal      Summ           Unusable   N/A       N/A         1
 Call Canine Familiar     Summ           Unusable   N/A       N/A         3
 Summon Ice Beast         Ice/Summ       Unusable   N/A       N/A         3
 Martyr's Knell           Necr/Summ      Unusable   N/A       N/A         4
 Summon Lightning Spire   Summ/Air       Unusable   N/A       N/A         4
 Summon Mana Viper        Hex/Summ       Unusable   N/A       N/A         5
 Sculpt Simulacrum        Ice/Alch       Unusable   N/A       N/A         6
 Malign Gateway           Summ/Tloc      Unusable   N/A       N/A         7
 Dragon's Call            Summ           Unusable   N/A       N/A         9

Inventory:

Hand Weapons
 a - the +11 demon blade "Yshrieh" (weapon) {vamp, Dex+3, norare}
   (Okawaru gifted it to you on level 1 of the Lair of Beasts)

   Dex+3:     It affects your dexterity (+3).
 b - the +3 double sword of Accord (offhand) {speed, Int+5}
   (You took it off a deep elf blademaster on level 1 of the Elven Halls)

   Int+5:     It affects your intelligence (+5).
 I - the +2 Maxwell's thermic engine {flame, freeze, rev}
   (You found it in a wizard's laboratory)
 Z - the +4 double sword of Ynnirhism {drain, rF+ rN+ Int+3}
   (You took it off a deep elf blademaster on level 1 of the Elven Halls)

   Int+3:     It affects your intelligence (+3).
   rF+:       It protects you from fire.
   rN+:       It protects you from negative energy.
Missiles
 C - 10 throwing nets
 P - 4 curare-tipped darts (quivered)
Armour
 o - +0 ice dragon scales
 B - a scarf of resistance
 E - a +2 cloak (worn)
 F - a +2 pair of boots of flying (worn)
 H - a +2 helmet (worn)
 K - quicksilver dragon scales (worn) {nodragon}
 Q - a +1 hat
 V - the +1 pair of gloves of the Valley (worn) {Rampage rF+ Will+}
   (You found it on level 4 of the Spider Nest)

   rF+:       It protects you from fire.
   Will+:     It increases your willpower.
   Rampage:   It bestows one free step when moving towards enemies.
Gizmo
 s - a NW-60 hypermodule (installed) {rElec rF+ Clar RMsl}
   (You invented it yourself on level 5 of the Lair of Beasts)

   [NW-60 hypermodule]

   rF+:       It protects you from fire.
   rElec:     It insulates you from electricity.
   Clar:      It protects you from confusion, rage, mesmerisation and fear.
   RMsl:      It protects you from missiles.
Wands
 c - a wand of digging (17)
 t - a wand of acid (18)
 v - a wand of roots (66)
 y - a wand of flame (98)
 z - a wand of polymorph (17)
 G - a wand of mindburst (47)
Scrolls
 h - 4 scrolls of blinking
 i - 16 scrolls of teleportation
 k - 4 scrolls of fog
 w - 7 scrolls of vulnerability
 x - 4 scrolls of poison
 A - 2 scrolls of revelation
 J - 4 scrolls of silence {!r}
 R - 6 scrolls of enchant armour
 S - 3 scrolls of fear
Potions
 d - 3 potions of magic
 e - 4 potions of berserk rage {!q}
 f - 6 potions of mutation {!q}
 g - 12 potions of ambrosia
 j - a potion of cancellation
 l - 10 potions of might
 n - 19 potions of heal wounds
 p - 12 potions of attraction
 q - 10 potions of haste
 r - 6 potions of resistance
 u - 20 potions of curing
 D - 8 potions of brilliance
 O - 12 potions of enlightenment
 X - 4 potions of invisibility
Miscellaneous
 m - a lightning rod (4/4)


Message History

a +0 flail; a +1 flail of venom
There is a stone staircase leading up, spattered with blood here.
You fly upwards.
There is a stone staircase leading down here.
There is a stone staircase leading up here.
You fly upwards.
There is a stone staircase leading down here.
Aiming: Dig
Press: ? - help, Shift-Dir - straight line, f - you Please select a direction to dig.
A stone staircase leading down.
This square is covered in magical glow.
The rock shatters into small pieces.
There is a stone staircase leading up here.
You fly upwards.
There is a stone staircase leading down here.
There is a stone staircase leading up here.
You see here a bat skeleton.
You fly upwards.
An Orb Guardian comes into view.
There is a stone staircase leading down here.
Aiming: Dig
Press: ? - help, Shift-Dir - straight line, f - you Please select a direction to dig.
This square is covered in magical glow.
The rock shatters into small pieces.
There is a stone staircase leading up here.
You fly upwards.
There is a stone staircase leading down here.
You feel yourself speed up.
A ynoxinul comes into view.
The ynoxinul moves out of view.
(D) Dungeon (T) Temple (L) Lair (A) Shoals (N) Spider Nest (M) Slime Pits (O) Orcish Mines (E) Elven Halls (V) Vaults (C) Crypt (W) Tomb (U) Depths (H) Hell (Z) Zot
Where to? (Tab/Enter - D:1 @ (x,y), ? - help)
Your extra speed is starting to run out.
You feel yourself slow down.
There is a staircase leading out of the dungeon here.
You have escaped!

#............##.## ##.# #....##.#
.......777...777.###..# ###..##.#
......77.......77.....######'##.#
###.#77.........77#......##..##..
# #.#7....7.7....7#.####.....##..
###..7.....-.....7..# ####......
..###7....7.7...7#.##########..#.
#....77..........7..........#..##
#.###.77.....7#.@7....[.....#..##
#..####7777777777##............##
##......##...................#..#
...........######...........###..
#######.#..#### #.......%...####.
#...#........# #.#..............
#.8...8...8..# #....%......####.
##...#...#...#####...##......###>
#...###.###.....#.....#####......


There were no monsters in sight!

Vanquished Creatures
  3 dread liches
  Khufu (Crypt:1)
  2 ancient liches
  3 orbs of fire
  Mara (Vaults:3)
  2 royal mummies (Crypt:1)
  Sojobo (Depths:3)
  2 Killer Klowns (Zot:5)
  Saint Roka (Vaults:1)
  2 curse toes
  5 golden dragons
  A caustic shrike (Vaults:2)
  Jory (Depths:4)
  Arachne (Spider:1)
  A profane servitor (Zot:2)
  Nikola (Vaults:3)
  A bone dragon (Depths:4)
  A Hell Sentinel (D:9)
  3 electric golems
  23 Orb Guardians
  Zenata (Vaults:3)
  5 titans
  Asterion (Spider:2)
  7 liches
  2 Ice Fiends (IceCv)
  10 tentacled monstrosities
  4 quicksilver dragons
  6 deep elf blademasters
  4 death cobs
  An eldritch tentacle (Vaults:2)
  2 ancient champions
  The ghost of jasper the Warrior, an adept DsCA of Jiyva (Elf:1)
  8 sphinxes
  A kraken (Shoals:1)
  8 tengu reavers
  The ghost of DimondSprtn the Severer, an adept CoGl of Trog (Spider:1)
  7 storm dragons
  12 shadow dragons
  2 revenants (Crypt:3)
  3 draconian monks
  An emperor scorpion (Spider:3)
  3 draconian knights (Zot:1)
  13 fire giants
  10 frost giants
  11 draconian stormcallers
  5 draconian shifters
  The ghost of yleetSyT the Slicer, a journeyman CoAr of Beogh (Spider:1)
  A draconian scorcher (Zot:2)
  6 deep elf sorcerers
  4 iron dragons
  8 ghost moths
  7 deep elf elementalists (Elf:3)
  15 vault wardens
  3 orc warlords
  A cacodemon (Depths:2)
  4 curse skulls
  5 draconian annihilators
  19 very ugly things
  7 spectral caustic shrikes
  6 formless jellyfish
  A juggernaut skeleton (Depths:1)
  6 ghouls
  The ghost of bigduke15 the Severer, a journeyman CoGl of Nemelex Xobeh (Shoals:1)
  5 broodmothers
  20 stone giants
  20 ironbound preservers
  10 ironbound thunderhulks
  13 green draconians
  7 deep elf demonologists
  16 deep elf death magi
  7 vampire knights
  8 deep elf annihilators
  A lorocyproca (Depths:3)
  Azrael (D:12)
  7 red draconians
  14 white draconians
  3 black draconians (Zot:1)
  8 spark wasps
  12 yellow draconians
  12 dire elephants
  4 war gargoyles
  Snorg (D:12)
  2 purple draconians
  8 merfolk impalers
  18 yaktaur captains
  7 eidola
  13 fire dragons
  7 crystal guardians
  15 ettins
  Josephine (D:15)
  An entropy weaver (shapeshifter) (D:13)
  5 jiangshi (Crypt:3)
  3 merfolk javelineers (Shoals:4)
  11 entropy weavers
  10 deep elf high priests
  2 rakshasas
  9 ice dragons
  5 great orbs of eyes
  A hydra (D:15)
  3 caustic shrike simulacra (IceCv)
  A hell beast (Depths:3)
  37 vault guards
  5 radroaches
  A jorogumo (Spider:4)
  7 peacekeepers
  5 spriggan air magi
  7 ironbound frosthearts
  2 catoblepae
  An ogre mage (Vaults:5)
  5 two-headed ogres
  5 merfolk avatars
  2 alligator snapping turtles
  34 dancing weapons
  2 death knights (Crypt:3)
  12 centaur warriors
  6 merfolk aquamancers
  9 boulder beetles
  2 death yaks (Lair:1)
  2 satyrs
  A fenstrider witch skeleton (Crypt:1)
  5 deep troll shamans
  2 death scarabs
  A two-headed ogre (shapeshifter) (Vaults:5)
  2 occultists (Depths:3)
  7 deep troll earth magi
  4 spriggan berserkers
  5 demonic crawlers
  2 shock serpents (shapeshifter) (D:15)
  6 tengu warriors
  2 titan zombies (Crypt:1)
  8 vampire magi
  6 orc high priests
  6 skysharks
  6 hell knights
  A soul eater (Crypt:1)
  3 spriggans
  A storm dragon zombie (Crypt:2)
  18 deep elf knights
  7 iron trolls
  14 shadow wraiths
  3 pharaoh ants
  20 skeletal warriors
  A sixfirhy (Depths:3)
  A golden dragon zombie (Crypt:1)
  5 arcanists
  12 sea snakes
  A titan skeleton (Depths:1)
  2 obsidian statues (IceCv)
  A deep troll (shapeshifter) (Vaults:5)
  9 bog bodies
  7 flayed ghosts
  8 thermic dynamos
  A spriggan simulacrum (IceCv)
  60 deep trolls
  7 orb spiders
  4 sun moths
  11 deep elf archers
  17 ironbound convokers
  3 tengu skeletons
  An anaconda skeleton (Crypt:2)
  6 necromancers
  A bunyip skeleton (Crypt:2)
  A swamp dragon (Lair:5)
  24 phantasmal warriors
  16 lindwurms
  2 steelbarb worms
  Pikel (D:8)
  An orange crystal statue (Orc:2)
  2 lightning spires (WizLab)
  8 orc knights
  33 harpies
  35 deep elf pyromancers
  34 deep elf zephyrmancers
  22 wolf spiders
  36 ugly things
  A frost giant zombie (Depths:1)
  8 cyclopes
  An eleionoma zombie (Crypt:2)
  A spectral ettin (Crypt:3)
  3 stone giant zombies
  13 fauns
  10 orc sorcerers
  2 spectral centaurs (Crypt:3)
  An oklob plant (Spider:1)
  A shining eye (shapeshifter) (Vaults:5)
  A manticore (shapeshifter) (Vaults:5)
  A fire giant zombie (Crypt:3)
  The ghost of Biggs the Magician, a novice DjCj (D:5)
  A dire elephant zombie (Crypt:1)
  8 large abominations (Depths:2)
  5 meliai
  13 moths of wrath
  11 manticores
  A meliai (shapeshifter) (D:15)
  2 kobold blastminers (Orc:2)
  A toenail golem (D:9)
  A fire giant skeleton (Depths:1)
  A human skeleton (Vaults:1)
  A centaur zombie (Crypt:1)
  12 elephants
  8 black mambas
  An apocalypse crab (Shoals:1)
  2 naga magi (Vaults:2)
  Joseph (D:8)
  21 vault sentinels
  8 merfolk sirens
  4 torpor snails
  14 cane toads
  A smoke demon (Depths:2)
  8 gargoyles (WizLab)
  7 water nymphs
  2 molten gargoyles (WizLab)
  A hellion (Depths:2)
  5 kobold demonologists
  A purple draconian zombie (Crypt:1)
  An eye of devastation (shapeshifter) (Vaults:5)
  6 unseen horrors
  14 yaktaurs
  13 freezing wraiths
  7 rime drakes
  An anaconda simulacrum (Crypt:1)
  A spectral naga (Crypt:3)
  A pale draconian zombie (Crypt:1)
  3 golden dragon simulacra (IceCv)
  10 komodo dragons
  Psyche (D:8)
  4 tengu conjurers
  10 trolls
  A sea snake skeleton (Crypt:2)
  6 polar bears
  39 merfolk
  A troll (shapeshifter) (D:15)
  4 wind drakes
  22 tarantellas
  3 hornets
  28 blink frogs
  An ettin zombie (Depths:1)
  10 snapping turtles
  A raiju (Orc:1)
  3 glass eyes
  5 air elementals
  An ice dragon zombie (Crypt:1)
  7 dream sheep
  44 slime creatures
  32 jumping spiders
  An elf simulacrum (Vaults:1)
  Sigmund (D:2)
  28 culicivoras
  25 water elementals
  An ettin skeleton (Vaults:1)
  9 shadows
  3 humans (D:13)
  A dire elephant simulacrum (IceCv)
  7 wargs
  A vampire (D:11)
  8 fire elementals
  A black mamba skeleton (Crypt:1)
  5 wyverns
  30 yaks
  18 wraiths
  5 basilisks
  4 steam dragons
  2 redbacks (shapeshifter)
  73 redbacks
  A wind drake skeleton (Crypt:1)
  A chaos spawn (Depths:2)
  A minotaur simulacrum (IceCv)
  14 vampire mosquitoes
  2 spatial vortices (Vaults:2)
  A demonspawn zombie (Crypt:3)
  3 hydra simulacra (IceCv)
  A naga (shapeshifter) (D:11)
  2 swamp worms (shapeshifter)
  12 water moccasins
  A merfolk zombie (Crypt:2)
  A hell hound (D:12)
  A water nymph skeleton (Crypt:3)
  3 acid dragons
  2 swamp drakes (Lair:5)
  30 orc warriors
  A glowing shapeshifter skeleton (Vaults:1)
  2 ettin simulacra (IceCv)
  A meliai simulacrum (D:14)
  The ghost of hikkokomori the Trooper, an amateur MDWn (D:4)
  14 laughing skulls
  A hornet zombie (Crypt:2)
  A black bear (Lair:2)
  8 ogres
  18 wolves
  4 boggarts (Lair:2)
  10 centaurs
  A centaur (shapeshifter) (Elf:3)
  A tengu (shapeshifter) (Vaults:5)
  2 lemures (D:8)
  A manticore skeleton (Crypt:3)
  9 weeping skulls (Crypt:3)
  6 bullfrogs
  Blork the orc (D:5)
  4 kobold brigands
  A fire crab zombie (Crypt:1)
  3 small abominations (Depths:2)
  8 earth elementals
  2 gnoll sergeants (D:9)
  A scorpion (D:5)
  2 deep troll simulacra (IceCv)
  A yaktaur skeleton (Crypt:3)
  A wyvern skeleton (Crypt:1)
  4 howler monkeys
  A bombardier beetle (D:6)
  4 hounds
  4 quasits (D:5)
  14 jellies (Lair:5)
  9 orc priests
  A gnoll bouda (D:4)
  A basilisk skeleton (Crypt:3)
  4 iguanas
  15 orc wizards
  7 hell rats (Lair:4)
  A crocodile zombie (Crypt:2)
  A mummy (Crypt:1)
  21 gnolls
  3 adders
  A shadow imp (D:7)
  A white imp (D:8)
  3 dart slugs
  4 ribbon worms
  73 orcs
  8 ball pythons
  A bat zombie (Crypt:3)
  7 endoplasms
  4 giant cockroaches
  6 goblins
  12 hobgoblins
  A jackal (D:2)
  3 quokkas
  6 bats
  An endoplasm zombie (Crypt:1)
  3 frilled lizards
  31 kobolds
  A quokka skeleton (Crypt:2)
  A quokka zombie (Crypt:2)
  A rat (D:2)
  A rat skeleton (Crypt:1)
  5 tentacles (Shoals:1)
2351 creatures vanquished.

Vanquished Creatures (others)
  A red draconian (Zot:1)
  A merfolk aquamancer (Shoals:2)
  A deep troll (Vaults:1)
  A harpy (Shoals:1)
  A deep elf pyromancer (Elf:2)
  A rust devil (Depths:2)
  2 orcs (Orc:1)
  76 foxfires
  14 tentacles (Shoals:1)
98 creatures vanquished.

Grand Total: 2449 creatures vanquished

Notes
Turn   | Place    | Note
-------+----------+-------------------------------------------
     0 | D:1      | elliptic the Coglin Fire Elementalist began the quest for
                  | the Orb.
     0 | D:1      | Reached XP level 1. HP: 13/13 MP: 3/3
   111 | D:1      | Reached skill level 1 in Fighting
   138 | D:1      | nice
   196 | D:1      | Found Quuret's Weapon Shoppe.
   228 | D:1      | Reached skill level 1 in Long Blades
   228 | D:1      | Reached XP level 2. HP: 21/21 MP: 0/4
   614 | D:1      | Reached skill level 2 in Fighting
   701 | D:1      | Reached XP level 3. HP: 27/27 MP: 2/5
   733 | D:1      | Learned a level 2 spell: Scorch
   916 | D:2      | Found a faded altar of an unknown god.
   919 | D:2      | eh
  1070 | D:2      | Noticed Sigmund
  1233 | D:2      | meh
  1295 | D:3      | Found Enere's Assorted Antiques.
  1304 | D:3      | hm
  1304 | D:3      | Bought a bubbling amethyst potion for 27 gold pieces
  1383 | D:3      | Found Uwnou's Armour Boutique.
  1432 | D:3      | Found Fafoiddo's General Store.
  1440 | D:3      | Bought a scroll of teleportation for 42 gold pieces
  1443 | D:3      | Reached XP level 4. HP: 33/33 MP: 6/6
  1504 | D:3      | Found Zevyloel's Weapon Emporium.
  1770 | D:4      | Reached skill level 3 in Long Blades
  2052 | D:4      | why
  2054 | D:4      | Reached XP level 5. HP: 33/38 MP: 4/7
  2411 | D:4      | Found a staircase to the Ecumenical Temple.
  2417 | Temple   | Entered the Ecumenical Temple
  2425 | Temple   | Became a worshipper of Warmaster Okawaru
  2516 | D:4      | Found a large runed translucent door.
  2516 | D:4      | Found a large runed translucent door.
  2519 | D:4      | Noticed hikkokomori's ghost (amateur MDWn)
  2522 | D:4      | think I win this?
  2532 | D:4      | Killed hikkokomori's ghost
  2533 | D:4      | Reached skill level 3 in Fighting
  2533 | D:4      | Reached XP level 6. HP: 34/47 MP: 6/8
  2978 | D:5      | Entered Level 5 of the Dungeon
  2995 | D:5      | Reached * piety under Okawaru
  2996 | D:5      | Reached XP level 7. HP: 52/52 MP: 5/9
  3076 | D:5      | Found Faeddet's Assorted Antiques.
  3083 | D:5      | Reached skill level 1 in Invocations
  3201 | D:5      | Noticed Biggs's ghost (novice DjCj)
  3211 | D:5      | Found a transporter.
  3231 | D:5      | Found a transporter.
  3340 | D:5      | Reached skill level 6 in Long Blades
  3453 | D:5      | Identified the +2 dagger of Vuomouj {heavy, rN+}
  3532 | D:5      | Noticed Edmund
  3533 | D:5      | hm
  3549 | D:5      | Edmund changed into Edmund the ribbon worm
  3549 | D:5      | Noticed Edmund
  3560 | D:5      | Killed Edmund the ribbon worm
  3634 | D:5      | Noticed Blork the orc
  3639 | D:5      | Killed Blork the orc
  3844 | D:6      | Reached skill level 4 in Fighting
  3844 | D:6      | Reached XP level 8. HP: 60/60 MP: 7/10
  3988 | D:6      | Identified the +3 war axe of the Charmed God {freeze, Fly
                  | rN++ MP+9}
  3988 | D:6      | Noticed Maggie
  3992 | D:6      | Maggie changed into Maggie the ogre
  3992 | D:6      | Noticed Maggie
  3996 | D:6      | Killed Maggie the ogre
  4024 | D:6      | Found a glowing golden altar of the Shining One.
  4024 | D:6      | Found an opulent altar of Gozag.
  4032 | D:6      | Found a basalt altar of Yredelemnul.
  4034 | D:6      | Found a blossoming altar of Fedhas.
  4036 | D:6      | Found a glowing silver altar of Zin.
  4218 | D:6      | Reached ** piety under Okawaru
  4806 | D:2      | Killed Sigmund
  4834 | D:2      | Reached skill level 9 in Long Blades
  5127 | D:2      | Found a runed translucent door.
  5128 | D:2      | Noticed Crazy Yiuf
  5134 | D:2      | Crazy Yiuf changed into Crazy Yiuf the jackal
  5134 | D:2      | Noticed Crazy Yiuf
  5138 | D:2      | Killed Crazy Yiuf the jackal
  5349 | D:3      | Bought a +2 pair of boots of flying for 236 gold pieces
  5500 | D:7      | Reached skill level 5 in Fighting
  5582 | D:9      | Noticed a two-headed ogre
  5583 | D:9      | hm
  5596 | D:9      | Killed a two-headed ogre
  5596 | D:9      | Reached *** piety under Okawaru
  5597 | D:9      | Reached skill level 6 in Fighting
  5597 | D:9      | Reached XP level 9. HP: 69/69 MP: 11/11
  5688 | D:9      | Found Xofypn's Distillery.
  5730 | D:8      | Noticed Psyche
  5731 | D:8      | :(
  5830 | D:8      | Reached skill level 7 in Fighting
  6325 | D:3      | Bought a +0 helmet for 49 gold pieces
  6609 | D:8      | Reached **** piety under Okawaru
  6703 | D:5      | Bought a scroll labelled ITETAHOTITT for 30 gold pieces
  6913 | D:8      | Noticed Pikel
  6933 | D:8      | Killed Pikel
  6934 | D:8      | Reached XP level 10. HP: 79/79 MP: 12/12
  6962 | D:8      | Noticed Joseph
  7612 | D:9      | Reached skill level 8 in Fighting
  7905 | D:9      | Reached skill level 3 in Invocations
  8062 | D:9      | Identified the +11 war axe "Cyty" {heavy, rN+ rCorr}
  8253 | D:9      | Found a shadowy altar of Dithmenos.
  8263 | D:9      | Reached ***** piety under Okawaru
  8344 | D:9      | Identified the +8 short sword of Zoecayl {flame, Int+3}
  8467 | D:10     | Entered Level 10 of the Dungeon
  8499 | D:10     | Found Gyraux's Weapon Shoppe.
  8547 | D:10     | Found a staircase to the Orcish Mines.
  8548 | D:10     | Found Telio's Armour Shoppe.
  8640 | D:10     | Found a staircase to the Lair.
  8828 | D:10     | Noticed a kobold demonologist
  8831 | D:10     | sigh
  8895 | D:10     | Noticed a kobold demonologist
  8895 | D:10     | Noticed a kobold demonologist
  8922 | D:10     | Killed a kobold demonologist
  8951 | D:10     | Killed a kobold demonologist
  8951 | D:10     | Received a gift from Okawaru
  9092 | D:10     | Killed an unseen horror
  9093 | D:10     | Reached XP level 11. HP: 79/86 MP: 14/14
  9421 | D:10     | Found a shimmering blue altar of Sif Muna.
  9471 | D:9      | Bought a potion of haste for 170 gold pieces
  9597 | D:11     | Reached skill level 12 in Long Blades
  9880 | D:11     | Noticed a cyclops
  9916 | D:11     | Killed a cyclops
 10195 | D:11     | Received a gift from Okawaru
 10227 | D:11     | Noticed a two-headed ogre
 10237 | D:11     | Killed a two-headed ogre
 10420 | Lair:1   | Entered Level 1 of the Lair of Beasts
 10703 | Lair:1   | Reached ****** piety under Okawaru
 10704 | Lair:1   | Acquired the +11 demon blade "Yshrieh" {vamp, Dex+3}
 10704 | Lair:1   | Received a gift from Okawaru
 10706 | Lair:1   | Acquired the +10 plate armour of Culygali {Str+2}
 10706 | Lair:1   | Received a gift from Okawaru
 10715 | Lair:1   | Received a gift from Okawaru
 10772 | Lair:1   | Reached skill level 1 in Armour
 10877 | Lair:1   | Reached XP level 12. HP: 92/92 MP: 15/15
 10909 | Lair:1   | Noticed a death yak
 10909 | Lair:1   | Noticed a death yak
 10938 | Lair:1   | Reached skill level 3 in Armour
 10942 | Lair:1   | Killed a death yak
 10955 | Lair:1   | Killed a death yak
 11752 | Lair:1   | Received a gift from Okawaru
 11877 | Lair:1   | Reached skill level 6 in Invocations
 12052 | Lair:2   | Found a hole to the Spider Nest.
 12082 | Lair:2   | Reached skill level 6 in Armour
 12147 | Lair:2   | Received a gift from Okawaru
 12248 | Lair:2   | Identified the +10 war axe of Huocroz {spect, *Rage rCorr
                  | Dex+5}
 12530 | Lair:2   | Reached XP level 13. HP: 100/100 MP: 17/17
 12793 | Lair:3   | Reached skill level 9 in Fighting
 12949 | Lair:3   | Received a gift from Okawaru
 13611 | Lair:3   | Found a staircase to the Shoals.
 13815 | Lair:4   | Reached skill level 10 in Fighting
 13818 | Lair:4   | Reached skill level 9 in Armour
 13971 | Lair:4   | Received a gift from Okawaru
 14128 | Lair:4   | Noticed Nessos
 14130 | Lair:4   | Nessos changed into Nessos the manticore
 14130 | Lair:4   | Noticed Nessos
 14141 | Lair:4   | Killed Nessos the manticore
 14652 | Lair:5   | Entered Level 5 of the Lair of Beasts
 14712 | Lair:5   | Received a gift from Okawaru
 14982 | Lair:5   | Reached XP level 14. HP: 111/111 MP: 20/20
 14988 | Lair:5   | Acquired a NW-60 hypermodule {rElec rF+ Clar RMsl}
 14993 | Lair:5   | Reached skill level 11 in Fighting
 15019 | Lair:5   | Received a gift from Okawaru
 15080 | Lair:5   | Found a stormy altar of Qazlal.
 15090 | Lair:5   | Found a staircase to the Slime Pits.
 15091 | Lair:5   | Found a viscous altar of Jiyva.
 15191 | Lair:5   | Found the necklace of Bloodlust {Fury *Rage Will++ Int-3
                  | Slay+6}
 15204 | Lair:5   | Identified the +1 war axe "Sioll" {venom, Int+3 SInv}
 15614 | Lair:5   | Received a gift from Okawaru
 15660 | Lair:5   | why
 15670 | Lair:5   | Reached skill level 12 in Fighting
 16108 | D:5      | Killed Biggs's ghost
 16282 | D:12     | Noticed Snorg
 16287 | D:12     | Killed Snorg
 16425 | D:12     | Noticed Azrael
 16449 | D:12     | Killed Azrael
 16616 | D:12     | Gained mutation: You are somewhat resistant to further
                  | mutation. [potion of mutation]
 16616 | D:12     | Gained mutation: You have a beak for a mouth. [potion of
                  | mutation]
 17006 | Orc:1    | Entered Level 1 of the Orcish Mines
 17035 | Orc:1    | Received a gift from Okawaru
 17390 | Orc:2    | Entered Level 2 of the Orcish Mines
 17391 | Orc:2    | Found a flickering gateway to a bazaar.
 17393 | Orc:2    | Found Ekhlinle's Book Shoppe.
 17393 | Orc:2    | Noticed an orc warlord
 17394 | Orc:2    | why
 17428 | Orc:2    | Found a staircase to the Elven Halls.
 17445 | Orc:2    | Reached skill level 13 in Fighting
 17455 | Orc:2    | Found Taechy's Antique Weapon Emporium.
 17475 | Orc:2    | Reached skill level 12 in Armour
 17484 | Orc:2    | Found Utor's Book Shop.
 17509 | Orc:2    | Killed an orc warlord
 17510 | Orc:2    | Reached XP level 15. HP: 100/124 MP: 14/21
 17525 | Orc:2    | Found Cawker's Antique Weapon Shop.
 17645 | Orc:2    | Found Yrikoom's General Store.
 17663 | Orc:2    | Found Heggued's Weapon Shoppe.
 17725 | Orc:2    | Found Wugom's Antique Armour Shop.
 17750 | Orc:2    | meh
 17752 | Orc:2    | why
 17794 | Orc:2    | Received a gift from Okawaru
 17868 | Bazaar   | Entered a bazaar
 17873 | Bazaar   | Found Quchorom's General Store.
 17893 | Bazaar   | Found Zoss's General Store.
 17909 | Bazaar   | Found Faxeigh's Assorted Antiques.
 17917 | Bazaar   | Found Losmaho's Antique Weapon Shop.
 17933 | Bazaar   | Bought a scroll labelled UFIVULUEDD for 21 gold pieces
 17964 | Bazaar   | Bought a scroll of teleportation for 30 gold pieces
 17981 | Bazaar   | Bought a potion of heal wounds for 75 gold pieces
 18255 | Orc:1    | Noticed an orc warlord
 18280 | Orc:2    | Killed an orc warlord
 18349 | Orc:1    | Found a roughly hewn altar of Beogh.
 18463 | Orc:2    | Bought a scroll of teleportation for 42 gold pieces
 18488 | Orc:2    | Bought a masterwork ring mail for 261 gold pieces
 18488 | Orc:2    | Identified the +0 ring mail of Xixivvuba {^Drain Int+6}
                  | (You bought it in a shop on level 2 of the Orcish Mines)
 18489 | Orc:2    | Bought a glowing hat for 203 gold pieces
 18685 | D:13     | Lost mutation: You are somewhat resistant to further
                  | mutation. [potion of mutation]
 18685 | D:13     | Lost mutation: You have a beak for a mouth. [potion of
                  | mutation]
 18685 | D:13     | Gained mutation: You have a pair of small horns on your
                  | head. [potion of mutation]
 18685 | D:13     | Gained mutation: You occasionally lose the ability to drink
                  | potions when taking damage. [potion of mutation]
 18685 | D:13     | Gained mutation: You are robust. (+10% HP) [potion of
                  | mutation]
 18686 | D:13     | meh
 18686 | D:13     | Lost mutation: You occasionally lose the ability to drink
                  | potions when taking damage. [potion of mutation]
 18686 | D:13     | Lost mutation: You have a pair of small horns on your head.
                  | [potion of mutation]
 18686 | D:13     | Gained mutation: You are covered in fur. (AC +1) [potion of
                  | mutation]
 18686 | D:13     | Gained mutation: You are partially covered in iridescent
                  | scales. (AC +2) [potion of mutation]
 18687 | D:13     | good
 18725 | D:13     | Reached skill level 14 in Fighting
 19125 | D:13     | Received a gift from Okawaru
 19247 | D:13     | Found a gate to the Vaults.
 19357 | D:13     | Found Yceam's Vocational Training.
 19647 | D:14     | Received a gift from Okawaru
 20076 | D:15     | Entered Level 15 of the Dungeon
 20160 | D:15     | Reached skill level 15 in Fighting
 20169 | D:15     | Noticed Josephine
 20179 | D:15     | Killed Josephine
 20285 | D:15     | Reached XP level 16. HP: 126/149 MP: 22/22
 20294 | D:15     | Received a gift from Okawaru
 20966 | D:15     | Found a staircase to the Depths.
 21327 | D:3      | Bought a smoking plate armour for 868 gold pieces
 21327 | D:3      | Identified the +7 plate armour "Uzump" {rF+} (You bought it
                  | in a shop on level 3 of the Dungeon)
 21444 | D:9      | Bought a potion of heal wounds for 85 gold pieces
 21553 | Spider:1 | Entered Level 1 of the Spider Nest
 21554 | Spider:1 | Upgraded the game from 0.32-a0-576-g706899e69d to
                  | 0.32-a0-599-gba8f9cf90e
 21982 | Spider:1 | Received a gift from Okawaru
 22156 | Spider:1 | Reached skill level 16 in Fighting
 22171 | Spider:1 | Found a transporter.
 22227 | Spider:1 | Found a transporter.
 22231 | Spider:1 | Noticed yleetSyT's ghost (journeyman CoAr)
 22232 | Spider:1 | Noticed DimondSprtn's ghost (adept CoGl)
 22236 | Spider:1 | Noticed Arachne
 22770 | Spider:2 | Reached skill level 15 in Armour
 22817 | Spider:2 | Received a gift from Okawaru
 23323 | Spider:2 | Identified the +1 robe of Veipsa {rF+ rC+ Str+3 Int-2}
 23390 | Spider:2 | Noticed Asterion
 23392 | Spider:2 | hm
 23395 | Spider:2 | hm
 23400 | Spider:2 | Killed Asterion
 23418 | Spider:2 | Reached XP level 17. HP: 159/160 MP: 17/23
 23432 | Spider:2 | Received a gift from Okawaru
 23568 | Spider:2 | Reached skill level 17 in Fighting
 24169 | Spider:3 | Reached skill level 9 in Dodging
 24431 | Spider:3 | Received a gift from Okawaru
 24662 | Spider:3 | Reached skill level 9 in Invocations
 24998 | Spider:3 | Identified the +9 orcbow "Wiass" {flame, *Corrode rF+++ rN+
                  | SInv}
 25212 | Spider:4 | Entered Level 4 of the Spider Nest
 25286 | Spider:4 | Received a gift from Okawaru
 26211 | Spider:4 | Received a gift from Okawaru
 26351 | Spider:4 | Identified the +1 pair of gloves of the Valley {Rampage rF+
                  | Will+}
 26365 | Spider:4 | Got a gossamer rune of Zot
 26379 | Spider:4 | Reached skill level 18 in Fighting
 26539 | Shoals:1 | Entered Level 1 of the Shoals
 26558 | Shoals:1 | Reached XP level 18. HP: 159/172 MP: 25/25
 26760 | Shoals:1 | Received a gift from Okawaru
 26788 | Shoals:1 | Noticed a tentacled monstrosity
 26797 | Shoals:1 | Killed a tentacled monstrosity
 26958 | Shoals:1 | Found a runed translucent gate.
 26958 | Shoals:1 | Found a runed translucent gate.
 26958 | Shoals:1 | Found a runed translucent gate.
 26960 | Shoals:1 | Noticed bigduke15's ghost (journeyman CoGl)
 26968 | Shoals:1 | Reached skill level 19 in Fighting
 27006 | Shoals:1 | Got the Omnibus of the Mortuary and Metal
 27474 | Shoals:1 | Identified the ring of Reimbursement {SInv Stlth+}
 27518 | Shoals:1 | Killed bigduke15's ghost
 27710 | Shoals:2 | Received a gift from Okawaru
 28302 | Shoals:2 | Reached skill level 20 in Fighting
 28672 | Shoals:3 | Received a gift from Okawaru
 29518 | Shoals:4 | Entered Level 4 of the Shoals
 29518 | Shoals:4 | Found Yhutumogi's Book Shop.
 29529 | Shoals:4 | Reached skill level 21 in Fighting
 29534 | Shoals:4 | Received a gift from Okawaru
 29547 | Shoals:4 | Reached XP level 19. HP: 172/189 MP: 19/26
 29577 | Shoals:4 | Found Osoakhau's Jewellery Emporium.
 29601 | Shoals:4 | Found Hoebimm's General Store.
 29641 | Shoals:4 | Found a glacial archway.
 29650 | IceCv    | Entered an ice cave
 30194 | IceCv    | Received a gift from Okawaru
 30243 | IceCv    | Noticed an Ice Fiend
 30243 | IceCv    | Noticed an Ice Fiend
 30255 | IceCv    | Killed an Ice Fiend
 30257 | IceCv    | why
 30265 | IceCv    | Killed an Ice Fiend
 30610 | Shoals:4 | Found Edupn's Assorted Antiques.
 30731 | Shoals:4 | Found the +8 longbow "Zephyr" {speed, Dex+3 SInv}
 30755 | Shoals:4 | Reached skill level 22 in Fighting
 30887 | Shoals:4 | Found Zibustronn's General Store.
 31000 | Shoals:4 | Paralysed by a formless jellyfish for 1 turns
 31002 | Shoals:4 | why
 31138 | Shoals:4 | Received a gift from Okawaru
 31150 | Shoals:4 | Got a barnacled rune of Zot
 31317 | Shoals:4 | Identified the +9 quick blade "Omalups" {pain, rCorr Str+2
                  | Int+2}
 31319 | Shoals:4 | hm
 31790 | D:3      | Bought a potion of invisibility for 112 gold pieces
 31923 | D:9      | Bought a potion of heal wounds for 85 gold pieces
 31923 | D:9      | Bought a potion of heal wounds for 85 gold pieces
 31923 | D:9      | Bought a potion of heal wounds for 85 gold pieces
 31964 | D:8      | Killed Joseph
 31980 | D:8      | Killed Psyche
 32054 | Elf:1    | Entered Level 1 of the Elven Halls
 32054 | Elf:1    | Found a runed translucent gate.
 32054 | Elf:1    | Found a runed translucent gate.
 32054 | Elf:1    | Found a runed translucent gate.
 32054 | Elf:1    | Found a runed translucent gate.
 32054 | Elf:1    | Found a runed translucent gate.
 32054 | Elf:1    | Found a runed translucent gate.
 32055 | Elf:1    | Found a runed translucent door.
 32148 | Elf:1    | Found a runed translucent door.
 32148 | Elf:1    | Noticed jasper's ghost (adept DsCA)
 32353 | Abyss:2  | Cast into level 2 of the Abyss (a deep elf demonologist)
 32354 | Abyss:2  | sigh
 32356 | Abyss:2  | Found a candlelit altar of Ignis.
 32358 | Abyss:2  | Found a hazy altar of Hepliaklqana.
 32359 | Abyss:2  | Found a corrupted altar of Lugonu.
 32370 | Elf:1    | Escaped the Abyss
 32375 | Elf:1    | Received a gift from Okawaru
 32493 | Elf:1    | Found a huge runed translucent gate.
 32497 | Elf:1    | Found a huge runed translucent gate.
 32497 | Elf:1    | Found a huge runed translucent gate.
 32497 | Elf:1    | Found a huge runed translucent gate.
 32497 | Elf:1    | Found a huge runed translucent gate.
 32497 | Elf:1    | Found a huge runed translucent gate.
 32497 | Elf:1    | Found a huge runed translucent gate.
 32498 | Elf:1    | Found a huge runed translucent gate.
 32502 | Elf:1    | Identified the +4 double sword of Ynnirhism {drain, rF+ rN+
                  | Int+3}
 32576 | Elf:1    | Found a runed translucent door.
 32790 | Elf:1    | Identified the +3 double sword of Accord {speed, Int+5}
 32816 | Elf:1    | Reached skill level 23 in Fighting
 32960 | Elf:1    | Killed jasper's ghost
 32964 | Elf:1    | Identified the +2 plate armour of Muttered Phrases {Regen+}
 33265 | Elf:2    | Found a runed translucent gate.
 33265 | Elf:2    | Found a runed translucent gate.
 33265 | Elf:2    | Found a runed translucent gate.
 33325 | Elf:2    | Reached XP level 20. HP: 203/203 MP: 27/27
 33349 | Elf:2    | Received a gift from Okawaru
 33401 | Elf:2    | Reached skill level 15 in Long Blades
 33450 | Elf:2    | Identified the +3 leather armour of Fatzomo {Int+3 Slay+2}
 33549 | Elf:2    | Paralysed by an air elemental for 1 turns
 33805 | Elf:2    | Received a gift from Okawaru
 34287 | Elf:3    | Entered Level 3 of the Elven Halls
 34345 | Elf:3    | Received a gift from Okawaru
 34652 | Elf:3    | Found a shimmering blue altar of Sif Muna.
 34751 | Elf:3    | Paralysed by an air elemental for 1 turns
 34772 | Elf:3    | Found Daschayru's Antique Weapon Shop.
 34789 | Elf:3    | Identified the +12 flail "Aghaosu" {flame, +Blink rC++
                  | Str-4 Int+2}
 35491 | Vaults:1 | Entered Level 1 of the Vaults
 35508 | Vaults:1 | Reached skill level 24 in Fighting
 35617 | Vaults:1 | Identified the staff of Action {*Corrode rElec rPois Stlth+
                  | Earth}
 35688 | Vaults:1 | Received a gift from Okawaru
 35777 | Vaults:1 | Noticed Saint Roka
 35790 | Vaults:1 | Killed Saint Roka
 35791 | Vaults:1 | Reached XP level 21. HP: 210/215 MP: 28/28
 35932 | Vaults:1 | Reached skill level 25 in Fighting
 36163 | Vaults:1 | Received a gift from Okawaru
 36165 | Vaults:1 | Paralysed by a formless jellyfish for 1 turns
 36297 | Vaults:1 | Identified the +0 leather armour of Ipyreasem {SInv Stlth+}
 36300 | Vaults:1 | Identified the +2 short sword of the Spectre {chaos, Dex+2}
 36318 | Vaults:1 | Identified the +7 hand axe of Nukijuh {vamp, Dex+3}
 36321 | Vaults:1 | Got Acron's Spellbook of Charms
 36795 | Vaults:2 | Paralysed by a formless jellyfish for 1 turns
 36829 | Vaults:2 | Received a gift from Okawaru
 36847 | Vaults:2 | Found a flickering gateway to a bazaar.
 36859 | Bazaar   | Entered a bazaar
 36863 | Bazaar   | Found Nuoqanichu's Jewellery Boutique.
 36885 | Bazaar   | Found Arhuulik's Antique Weapon Emporium.
 36906 | Bazaar   | Found Wuntyehe's Book Boutique.
 36926 | Bazaar   | Found Eze Hounk's Armour Shoppe.
 37105 | Vaults:2 | Reached skill level 26 in Fighting
 37333 | Vaults:2 | Received a gift from Okawaru
 37626 | Vaults:2 | Noticed a caustic shrike
 37639 | Vaults:2 | Killed a caustic shrike
 37654 | Vaults:2 | Got the Incunable of Geology
 38197 | Vaults:2 | Got the Handbook of the Traveller
 38298 | Vaults:3 | Noticed Nikola
 38417 | Vaults:3 | Killed Nikola
 38421 | Vaults:3 | Reached XP level 22. HP: 232/232 MP: 24/29
 38523 | Vaults:3 | Reached skill level 27 in Fighting
 38708 | Vaults:3 | Noticed Zenata
 38709 | Vaults:3 | hm
 38727 | Vaults:3 | Killed Zenata
 38727 | Vaults:3 | Received a gift from Okawaru
 38799 | Vaults:3 | Noticed Mara
 38807 | Vaults:3 | Noticed elliptic's illusion
 38811 | Vaults:3 | meh
 38831 | Vaults:3 | Killed Mara
 39399 | Vaults:3 | Found a staircase to the Crypt.
 39399 | Vaults:3 | Found a basalt altar of Yredelemnul.
 39400 | Vaults:3 | Found an ancient bone altar of Kikubaaqudgha.
 39750 | Vaults:4 | Reached skill level 12 in Dodging
 39819 | Vaults:4 | Received a gift from Okawaru
 39969 | Vaults:4 | Paralysed by a formless jellyfish for 1 turns
 40571 | Vaults:4 | Found Mieriacw's Distillery.
 40730 | Crypt:1  | Entered Level 1 of the Crypt
 40924 | Crypt:1  | Received a gift from Okawaru
 40967 | Crypt:1  | Noticed Khufu
 40967 | Crypt:1  | Noticed a royal mummy
 40967 | Crypt:1  | Noticed a royal mummy
 40969 | Crypt:1  | why
 40969 | Crypt:1  | HP: 42/233 [???[Khufu] (39)]
 41379 | Crypt:1  | Killed a royal mummy
 41733 | Crypt:1  | Killed Khufu
 41745 | Crypt:1  | Killed a royal mummy
 42042 | Crypt:1  | Found a shimmering altar of Xom.
 42166 | Crypt:1  | Reached XP level 23. HP: 206/235 MP: 30/30
 43708 | Crypt:3  | Entered Level 3 of the Crypt
 43719 | Crypt:3  | Reached skill level 18 in Armour
 44389 | D:13     | Bought a manual of Invocations for 1520 gold pieces
 44874 | Crypt:3  | Found a staircase to the Tomb.
 45324 | Crypt:3  | Found an ancient bone altar of Kikubaaqudgha.
 45384 | Crypt:3  | Identified the +4 shortbow of Quantum Leap {drain, rCorr
                  | Dex+5}
 45430 | Crypt:3  | Reached skill level 12 in Invocations
 45458 | Crypt:3  | Identified the +1 leather armour of Gestures {rElec Int+4
                  | Stlth+}
 45480 | Crypt:3  | Identified the +4 whip of Big Damage {venom, ^Drain rElec
                  | rN++ SInv}
 45490 | Crypt:3  | Identified the staff of Reomu {*Slow rN+ Dex+2 Necro Tloc}
 45747 | Crypt:3  | Received a gift from Okawaru
 46451 | Spider:1 | Killed Arachne
 46480 | Spider:1 | Killed yleetSyT's ghost
 46520 | Spider:1 | Killed DimondSprtn's ghost
 46748 | Depths:1 | Entered Level 1 of the Depths
 46899 | Depths:1 | Found a gateway to Hell.
 46917 | Depths:1 | Reached skill level 15 in Invocations
 47187 | Depths:1 | Reached XP level 24. HP: 156/249 MP: 32/34
 47843 | Depths:1 | Found a transporter.
 48235 | Depths:1 | Noticed a caustic shrike
 48245 | Depths:1 | Noticed Denfromweb's ghost (veteran DsAl)
 48246 | Depths:1 | Noticed a caustic shrike
 48259 | Depths:1 | Found a transporter.
 48296 | Depths:1 | Found a glowing silver altar of Zin.
 48356 | Depths:2 | Found a one-way gateway to a ziggurat.
 48480 | Depths:2 | Found a sparkling altar of Nemelex Xobeh.
 48629 | Depths:2 | Received a gift from Okawaru
 48816 | Depths:2 | Found a one-way gate leading to the halls of Pandemonium.
 48948 | Depths:2 | Reached skill level 15 in Dodging
 49445 | Depths:2 | Found a one-way gate to the infinite horrors of the Abyss.
 49602 | Depths:3 | Found a transporter.
 49607 | Depths:3 | Noticed a juggernaut
 49608 | Depths:3 | Noticed a juggernaut
 49609 | Depths:3 | Found a bloodstained altar of Trog.
 49609 | Depths:3 | Noticed MrSquiggles's ghost (veteran OpAl)
 49637 | Depths:3 | Identified the storm talisman of the Curupira {rN+ Str+4}
 49637 | Depths:3 | Noticed Sojobo
 49659 | Depths:3 | Received a gift from Okawaru
 49666 | Depths:3 | Killed Sojobo
 49942 | Depths:3 | Found a white marble altar of Elyvilon.
 50358 | Depths:3 | Received a gift from Okawaru
 50515 | Depths:3 | Found a transporter.
 50649 | Depths:3 | ehhhh
 50677 | Depths:4 | Entered Level 4 of the Depths
 50749 | Depths:4 | Found a magical portal.
 50758 | WizLab   | Entered Maxwell's Workshop
 50869 | WizLab   | Reached XP level 25. HP: 257/257 MP: 34/34
 50988 | WizLab   | Received a gift from Okawaru
 50992 | WizLab   | Identified the ring "Ilef" {Fire rN+ Str+2 Stlth-}
 50995 | WizLab   | Identified the +1 leather armour of Inaction {Dex+5}
 51024 | WizLab   | Noticed an electric golem
 51034 | WizLab   | Killed an electric golem
 51054 | WizLab   | Identified the +6 sling "Dragonslayer" {heavy, Str+3 Int+5}
 51108 | WizLab   | Found the +15 Maxwell's patent armour {-Cast -Tele rElec
                  | Will+ rCorr}
 51191 | WizLab   | Found the +2 Maxwell's thermic engine {flame, freeze, rev}
 51195 | WizLab   | Reached skill level 18 in Dodging
 51202 | WizLab   | Identified the ring of Yfeapejo {Fire rCorr Str+6 Dex-4
                  | SInv}
 51203 | WizLab   | Identified the ring "Nowaohimn" {Fire Int+5}
 51453 | Depths:4 | Identified the +3 sling of Manius {elec, Dex+3}
 51836 | Depths:4 | Received a gift from Okawaru
 51923 | Depths:4 | Noticed Jory
 51944 | Depths:4 | Killed Jory
 52503 | Depths:4 | Found a gate to the Realm of Zot.
 52515 | Depths:4 | maybe
 52793 | Vaults:5 | Entered Level 5 of the Vaults
 52796 | Vaults:5 | oops
 52796 | Vaults:5 | ah
 52796 | Vaults:5 | well
 52899 | Vaults:5 | Received a gift from Okawaru
 53212 | Vaults:5 | Received a gift from Okawaru
 53239 | Vaults:5 | Noticed an ancient lich
 53243 | Vaults:5 | Killed an ancient lich
 53277 | Vaults:5 | meh
 53332 | Vaults:5 | Reached XP level 26. HP: 266/266 MP: 34/34
 53333 | Vaults:5 | Identified the +10 great sword of Viaboun {freeze, rElec
                  | Str+3}
 53355 | Vaults:5 | Reached skill level 21 in Dodging
 53430 | Vaults:5 | Noticed a dread lich
 53435 | Vaults:5 | Killed a dread lich
 53435 | Vaults:5 | Received a gift from Okawaru
 53526 | Vaults:5 | Identified the +1 halberd "Ockam" {flame, *Rage rF+ Dex+4}
 53702 | Vaults:5 | Identified the +0 ring mail of Tempters {Regen+ Str-2 Dex+3
                  | SInv}
 53901 | Vaults:5 | Got a silver rune of Zot
 54250 | Vaults:4 | Bought a potion of haste for 210 gold pieces
 54250 | Vaults:4 | Bought a potion of mutation for 168 gold pieces
 54250 | Vaults:4 | Bought a potion of haste for 210 gold pieces
 54250 | Vaults:4 | Bought a potion of might for 84 gold pieces
 54250 | Vaults:4 | Bought a potion of haste for 210 gold pieces
 54466 | D:9      | Bought a potion of berserk rage for 85 gold pieces
 54466 | D:9      | Bought a potion of curing for 51 gold pieces
 54466 | D:9      | Bought a potion of curing for 51 gold pieces
 54583 | D:3      | Bought a potion of might for 124 gold pieces
 54583 | D:3      | Bought a potion of curing for 93 gold pieces
 54917 | Shoals:4 | Bought a potion of curing for 108 gold pieces
 54964 | Shoals:4 | Bought a potion of enlightenment for 50 gold pieces
 55329 | Vaults:4 | Bought 2 potions of invisibility for 336 gold pieces
 55329 | Vaults:4 | Bought a potion of enlightenment for 105 gold pieces
 55329 | Vaults:4 | Bought a potion of enlightenment for 105 gold pieces
 55568 | Zot:1    | Entered Level 1 of the Realm of Zot
 56292 | Elf:3    | Received a gift from Okawaru
 56835 | Elf:3    | Identified the amulet of Symmetry {Faith Slay+4}
 57351 | Zot:1    | Noticed an orb of fire
 57362 | Zot:1    | Received a gift from Okawaru
 57483 | Zot:1    | Noticed an ancient lich
 57493 | Zot:1    | Killed an orb of fire
 57499 | Zot:1    | Killed an ancient lich
 57500 | Zot:1    | Reached skill level 21 in Armour
 57507 | Zot:1    | Found a stormy altar of Qazlal.
 57517 | Zot:1    | Identified the staff of Ravage {rPois rF+ rN+ Stlth-- Fire
                  | Ice}
 57521 | Zot:1    | Identified the +6 fire dragon scales "Koaxywk" {*Corrode
                  | rElec rF++ rC- Int+5 Stlth--}
 57524 | Zot:1    | Identified the +6 fire dragon scales of Ycaj {Rampage rElec
                  | rF++ rC- rN+ Int+3 Stlth--}
 57527 | Zot:1    | eh
 57654 | Zot:1    | Reached XP level 27. HP: 250/273 MP: 34/34
 58252 | Zot:1    | Noticed an electric golem
 58260 | Zot:1    | Killed an electric golem
 58736 | Zot:2    | hi
 58785 | Zot:2    | Found a runed translucent door.
 58786 | Zot:2    | Noticed Fiowez's ghost (veteran HuAl)
 58813 | Zot:2    | Received a gift from Okawaru
 59356 | Zot:5    | Entered Level 5 of the Realm of Zot
 59361 | Zot:5    | Received a gift from Okawaru
 59806 | Zot:5    | Noticed a dread lich
 59813 | Zot:5    | Noticed a dread lich
 59819 | Zot:5    | Killed a dread lich
 59826 | Zot:5    | Killed a dread lich
 60041 | Zot:5    | Noticed an orb of fire
 60058 | Zot:5    | Killed an orb of fire
 60071 | Zot:5    | Noticed an electric golem
 60075 | Zot:5    | Noticed an orb of fire
 60084 | Zot:5    | Killed an orb of fire
 60088 | Zot:5    | Killed an electric golem
 60138 | Zot:5    | Received a gift from Okawaru
 60175 | Zot:5    | Got the Orb of Zot
 60180 | Zot:5    | Noticed an orb of fire
 60666 | D:$      | Escaped with the Orb!

Levels and vault maps discovered:
D:1:      amcnicky_arrival_underground_garden, layout_rooms, serial_shops,
          nicolae_shop_bloodbath_and_beyond, serial_aquarium,
          aquarium_bridge_square [aquarium_subvault_bridge,
          aquarium_subvault_balcony, aquarium_subvault_window,
          aquarium_subvault_wall], aquarium_window_fake, aquarium_window_corner,
          aquarium_window_2, aquarium_window_fake, aquarium_view_2a,
          minmay_misc_feat_four_crosses, kennysheep_nondescript
D:2:      layout_basic, nicolae_ecumenical_pavilion, uniq_crazy_yiuf_cottage,
          uniq_sigmund
D:3:      layout_rooms, serial_shops, shop, shop, nicolae_diamond_shop,
          nicolae_shop_gibbet_a_chance
D:4:      layout_gridville, minmay_temple_entry_fiery,
          ebering_ghost_disaster_area
D:5:      layout_basic, gammafunk_ghost_stat_death, serial_shops, shop,
          uniq_edmund, uniq_blork_the_orc
D:6:      layout_loops_cross, chequers_temple_overflow_minitemple, uniq_maggie
D:7:      layout_loops_ring
D:8:      layout_loops_ring, hangedman_decor_growths, uniq_pikel, uniq_joseph,
          uniq_psyche
D:9:      corexii_shack_village, layout_cave_pods, grunt_dithmenos_shadows,
          serial_shops, nicolae_shop_crystal, serial_bayou_pond_b
D:10:     layout_basic, led_sif_pool, david_lair_generic, orc_david_3,
          kennysheep_boxes
D:11:     layout_roguey
D:12:     layout_irregular_city, uniq_azrael, uniq_snorg
D:13:     layout_loops_ring, hellmonk_vaults_keyhole, nicolae_shop_vocational
D:14:     layout_basic, grunt_ogre_cave
D:15:     hellmonk_depths_entry_around_the_bend, layout_long_grid,
          minmay_crystal_water, minmay_three_doors, uniq_josephine
Temple:   nicolae_temple_no_exploring_needed
Lair:1:   layout_layer_cave, grunt_megastairs_4
Lair:2:   layout_cellular_growth, dummy_spider_entry, kilobyte_rumbling_trees,
          lemuel_fruit_fields
Lair:3:   layout_cave_pods, mainiacjoe_shoals_entry_four_pools
Lair:4:   layout_roguey, uniq_nessos
Lair:5:   wormcave, layout_regular_city, guppyfry_lair_end_dragon,
          minmay_slime_entry_jelly_boxes, basic_altar, minmay_lindwurm_lava
Shoals:1: dreamdust_from_the_deep, layout_shoals, ebering_ghost_rock_garden,
          nicolae_shoals_stone_sculpture_thing
Shoals:2: layout_shoals, nicolae_shoals_water_shrine
Shoals:3: layout_shoals, nicolae_shoals_wave_tunnel
Shoals:4: shoals_end_simple, layout_shoals, portal_ice_cave_entry_pillars_1,
          serial_shops, shop, nicolae_shop_trees, nicolae_shop_statue_plus,
          nicolae_shop_gaudy_bauble, shop
Spider:1: layout_spider_delve, nzn_ghost_randoct
Spider:2: layout_spider_delve, hellmonk_motheaten_closet,
          hangedman_spider_tarantella_strand, uniq_asterion
Spider:3: layout_spider_delve
Spider:4: grunt_spider_rune_parallel
Orc:1:    layout_caves, basic_altar
Orc:2:    grunt_orc_gardens, layout_diamond_mine, grunt_orc_garden,
          grunt_orc_garden, grunt_orc_garden, grunt_orc_garden, serial_shops,
          statue_bzr, shop, shop, nicolae_shop_scrapyard
Elf:1:    nicolae_elf_arrival_dilemma, layout_loops_cross,
          ebering_ghost_inner_flame, minmay_elf_demonology,
          nicolae_elf_double_double_double_trouble
Elf:2:    nicolae_elf_blades_splatter_lattice
          [nicolae_blade_entry_floor_patterns], layout_rooms
Elf:3:    minmay_elf_hall_four_x, layout_onion_city, serial_shops, shop,
          basic_altar
Vaults:1: nicolae_vaults_tetromino_T_2, nicolae_vaults_windows_and_doors_thing,
          nicolae_vaults_storing_the_good_stuff,
          nicolae_vaults_shrinking_rooms_1, vaults_room_pool, v_alt_pattern_3,
          v_alt_pattern_4, v_misc_28, nicolae_vaults_stairing_the_circle,
          v_misc_3, v_misc_33, nicolae_vaults_trapezoid_lopsided_1,
          layout_vaults_omnibox, uniq_saint_roka
Vaults:2: grunt_vaults_hallway_long, nicolae_vaults_wine_cellar,
          nicolae_vaults_lightning_bolt, nicolae_vaults_sightless_eye,
          ontoclasm_vaults_fault, vaults_room_stairs_pillars,
          nicolae_vaults_three_branches, dpeg_vaults_monster_box,
          nicolae_vaults_ring_of_whatevers, nicolae_vaults_house_2,
          nicolae_vaults_surprise_closet, layout_vaults_omnigrid, serial_shops,
          bzr_firewalk, serial_magic_research, hangedman_research_geology,
          hangedman_research_quantum
Vaults:3: ontoclasm_vaults_ring_large, hangedman_vaults_stream, v_misc_23,
          nicolae_vaults_six-pack, nicolae_vaults_storage_room_water,
          hangedman_vaults_slither, hangedman_vaults_locks,
          nicolae_vaults_tetromino_Z_1, v_misc_5,
          nicolae_vaults_little_squares_6, v_misc_29,
          minmay_crypt_entry_necro_gods, nicolae_vaults_house_3,
          nicolae_vaults_tetromino_Z_1, nicolae_vaults_security_offices_6,
          layout_vaults_big_cross, uniq_margery, uniq_nikola, uniq_zenata,
          uniq_mara
Vaults:4: nicolae_vaults_double_plus_1, nicolae_vaults_rhombus_7,
          nicolae_vaults_network_barrier, nicolae_vaults_steering_wheel,
          v_misc_18, hangedman_vaults_slice, nicolae_vaults_little_squares_5,
          nicolae_vaults_trapezoid_lopsided_3, vaults_room_mumra_shop_pool,
          serial_library_hellmonk_open_cross, v_misc_24,
          layout_vaults_maze_bifur
Vaults:5
Crypt:1:  layout_chaotic_city, basic_altar, uniq_khufu
Crypt:2:  layout_basic, wad_floor_pattern_2
Crypt:3:  church_of_pain_bobbens, layout_chaotic_city,
          nicolae_tomb_entry_rubble_hallway
Depths:1: minmay_slanted_spiral_squares, layout_cave_pools,
          gammafunk_ghost_berserking_beasts, ebering_dispersal_statue_hall,
          hell_entry, zin_academy, firewood_loft
Depths:2: nicolae_cairo_tiling_large_dashed, layout_gridlike, enter_ziggurat_c,
          hell_entry, minmay_room_of_horrors, nemelex_diamond_rough_becter,
          grunt_pan_entry_spiral
Depths:3: nicolae_hitomezashi [nicolae_hito_row, nicolae_hito_row,
          nicolae_hito_row, nicolae_hito_row, nicolae_hito_row,
          nicolae_hito_row, nicolae_hito_row, nicolae_hito_row,
          nicolae_hito_row, nicolae_hito_row, nicolae_hito_row,
          nicolae_hito_row, nicolae_hito_row, nicolae_hito_row,
          nicolae_hito_row, nicolae_hito_row, nicolae_hito_row,
          nicolae_hito_row], layout_gridlike, rand_demon_pan_entry_8,
          pf_hell_entry_tar_river, elyvilon_altar_3,
          hangedman_abyss_entry_splay, gammafunk_ghost_wrathful_warriors,
          uniq_sojobo
Depths:4: grunt_zot_entry_gee_three, layout_honeycomb, hell_entry,
          mu_enter_wizlab_3, hex_medium, uniq_josephina, uniq_jory
Zot:1:    regret_index_qazlal_generations, layout_onion_interference
Zot:2:    layout_twisted_circle, gammafunk_ghost_grave, evilmike_ambush
          [evilmike_ambush_outer_doors, evilmike_ambush_inner_wall_1],
          uniq_grunn
Zot:3:    layout_onion_interference, regret_index_zotdec_carving_tricks
Zot:4:    layout_concentric_octagons, gammafunk_ghost_mausoleum,
          grunt_megastairs_1
Zot:5:    layout_onion

Action                     |  1- 3 |  4- 6 |  7- 9 | 10-12 | 13-15 | 16-18 | 19-21 | 22-24 | 25-27 || total
---------------------------+-------+-------+-------+-------+-------+-------+-------+-------+-------++-------
  Melee: Scimitar          |    31 |    47 |   133 |   408 |   755 |  1080 |   329 |       |       ||  2783
         Short sword       |     8 |       |       |       |       |       |       |       |       ||     8
         Falchion          |    21 |    49 |   192 |   270 |       |       |       |       |       ||   532
         Long sword        |       |       |    65 |       |       |       |       |       |       ||    65
         Demon blade       |       |       |       |   135 |   782 |  1083 |  1145 |  1513 |  1408 ||  6066
         Peck              |       |       |       |       |    72 |       |       |       |       ||    72
         Double sword      |       |       |       |       |       |       |   794 |  1508 |  1392 ||  3694
  Throw: Dart              |       |       |     1 |     5 |     1 |       |       |       |       ||     7
   Cast: Foxfire           |    30 |    14 |     3 |       |       |       |       |       |       ||    47
         Scorch            |       |     5 |    11 |       |       |       |       |       |       ||    16
 Invoke: Receive Weapon    |       |       |       |     1 |       |       |       |       |       ||     1
         Receive Armour    |       |       |       |     1 |       |       |       |       |       ||     1
         Finesse           |       |       |       |       |     7 |     6 |    13 |    16 |    11 ||    53
         Heroism           |       |       |       |       |     1 |     4 |     3 |     3 |       ||    11
Ability: Invent Gizmo      |       |       |       |       |     1 |       |       |       |       ||     1
  Evoke: Wand              |       |     2 |    17 |     5 |     3 |     7 |     4 |     2 |    10 ||    50
    Use: Scroll            |     2 |     4 |    13 |     3 |     5 |     5 |     5 |    10 |    12 ||    59
         Potion            |       |       |       |       |     5 |     2 |     3 |     2 |    12 ||    24
   Stab: Sleeping          |     3 |     1 |     4 |     4 |       |       |       |       |     1 ||    13
         Confused          |       |       |       |       |       |       |       |     1 |       ||     1
 Armour: Robe              |    17 |     8 |     7 |       |       |       |       |       |       ||    32
         Leather armour    |       |    19 |    15 |       |       |       |       |       |   114 ||   148
         Steam dragon scal |       |       |    95 |   114 |       |       |       |       |       ||   209
         Troll leather arm |       |       |       |    49 |       |       |       |       |       ||    49
         Plate armour      |       |       |       |   113 |   757 |  1444 |   844 |  1094 |   211 ||  4463
         Ice dragon scales |       |       |       |       |       |       |    51 |       |       ||    51
         Quicksilver drago |       |       |       |       |       |       |       |       |   284 ||   284
  Dodge: Dodged            |    17 |    27 |    96 |   225 |   230 |   447 |   277 |   381 |   879 ||  2579
         Repelled          |       |       |       |       |    33 |    29 |    88 |    39 |    86 ||   275
